[Event "30th NATO Chess-ch 2019"]
[Site "Berlin"]
[Date "2019.09.14"]
[Round "1.23"]
[White "Allmann, Lauri"]
[Black "Graczyk, Damian"]
[Result "0-1"]
[ECO "A25"]
[WhiteElo "1827"]
[BlackElo "2133"]
[Annotator "NA"]
[PlyCount "69"]
[EventDate "2019.09.16"]
[EventType "swiss"]
[EventCountry "GER"]
[SourceTitle "playchess.com"]
[Source "ChessBase"]
[SourceQuality "1"]
[TimeControl "40/7200:1800"]

1. g3 e5 2. Bg2 Nc6 3. c4 f5 4. Nc3 Nf6 5. a3 g6 6. e3 Bg7 7. Nge2 O-O 8. Rb1 a5 9. b3 d6 10. Nd5 Ne7 11. Nec3 c6 12. Nxf6+ Rxf6 13. Bb2 g5 14. h4 gxh4 15. Rxh4 Ng6 16. Rh2 Be6 17. d3 d5 18. cxd5 cxd5 19. Qh5 Nf8 20. Qf3 e4 21. Qd1 Rf7 22. Nb5 Qe7 23. a4 Bxb2 24. Rxb2 Ng6 25. d4 Rc8 26. Qd2 b6 27. Bf1 Rff8 28. Rc2 Rxc2 29. Qxc2 Rc8 30. Qd2 Bd7 31. Nc3 Qa3 32. Nxd5 Qxb3 33. Nf6+ Kg7 34. Nh5+ Kf7 35. Be2 0-1

[Event "30th NATO Chess-ch 2019"]
[Site "Berlin"]
[Date "2019.09.14"]
[Round "1.24"]
[White "Kersic, Matej"]
[Black "Van den Heuvel, Tonnie"]
[Result "1-0"]
[ECO "B00"]
[WhiteElo "2122"]
[BlackElo "1819"]
[Annotator "NA"]
[PlyCount "81"]
[EventDate "2019.09.16"]
[EventType "swiss"]
[EventCountry "GER"]
[SourceTitle "playchess.com"]
[Source "ChessBase"]
[SourceQuality "1"]
[TimeControl "40/7200:1800"]

1. e4 b6 2. d4 Bb7 3. Bd3 e6 4. Nf3 Nf6 5. Nbd2 c5 6. c3 Nc6 7. O-O cxd4 8. Nxd4 Ne5 9. Bc2 Ba6 10. Re1 Nd3 11. Bxd3 Bxd3 12. e5 Nd5 13. Ne4 Bxe4 14. Rxe4 d6 15. c4 Nc7 16. exd6 Bxd6 17. b3 O-O 18. Bb2 Ne8 19. Nf3 Qc7 20. Rd4 Bc5 21. Rd7 Qf4 22. g3 Qe4 23. Qd3 Qxd3 24. Rxd3 Nf6 25. Rad1 Be7 26. Ne5 Rac8 27. Kf1 a5 28. Ke2 Rfe8 29. f3 Kf8 30. g4 Red8 31. g5 Nh5 32. Bc1 Rxd3 33. Rxd3 b5 34. Be3 f6 35. gxf6 gxf6 36. Nd7+ Ke8 37. cxb5 Rc2+ 38. Kd1 Rc7 39. Nb6 f5 40. a4 Nf6 41. Bg5 1-0

[Event "30th NATO Chess-ch 2019"]
[Site "Berlin"]
[Date "2019.09.14"]
[Round "1.25"]
[White "Smit, Josip"]
[Black "Stentebjerg-Hansen, Per"]
[Result "0-1"]
[ECO "D03"]
[WhiteElo "2029"]
[BlackElo "2178"]
[Annotator "NA"]
[PlyCount "42"]
[EventDate "2019.09.16"]
[EventType "swiss"]
[EventCountry "GER"]
[SourceTitle "playchess.com"]
[Source "ChessBase"]
[SourceQuality "1"]
[TimeControl "40/7200:1800"]

1. d4 d5 2. Nf3 Nf6 3. Bg5 Qd6 4. c3 Ne4 5. Bh4 Qh6 6. Nbd2 g5 7. Bg3 Nxg3 8. fxg3 g4 9. Nh4 e5 10. e4 Be7 11. Nf5 Bxf5 12. exf5 exd4 13. cxd4 Nc6 14. Bb5 Rg8 15. Qe2 O-O-O 16. Bxc6 Qxc6 17. O-O Bg5 18. Qd3 Qh6 19. Nb3 Be3+ 20. Kh1 Rd6 21. Rae1 Qxh2+ {[%emt 0:52:49] --- Rh8+} 0-1

[Event "30th NATO Chess-ch 2019"]
[Site "Berlin"]
[Date "2019.09.14"]
[Round "1.26"]
[White "Keough, Robert"]
[Black "Ntalabiras, Spyros"]
[Result "0-1"]
[ECO "B25"]
[WhiteElo "2108"]
[BlackElo "1806"]
[Annotator "NA"]
[PlyCount "121"]
[EventDate "2019.09.16"]
[EventType "swiss"]
[EventCountry "GER"]
[SourceTitle "playchess.com"]
[Source "ChessBase"]
[SourceQuality "1"]
[TimeControl "40/7200:1800"]

1. e4 c5 2. Nc3 Nc6 3. g3 g6 4. Bg2 Bg7 5. d3 d6 6. f4 Nf6 7. Nf3 O-O 8. O-O Bg4 9. h3 Bxf3 10. Qxf3 Nd4 11. Qd1 e6 12. Ne2 Nh5 13. Kh2 Qd7 14. c3 Nxe2 15. Qxe2 f5 16. Be3 Rae8 17. Rae1 Nf6 18. Qc2 h5 19. Bf2 Qc7 20. Qb3 Kh7 21. exf5 exf5 22. Qxb7 Qxb7 23. Bxb7 Rxe1 24. Rxe1 Rb8 25. Re7 Kg8 26. Rc7 Kf8 27. Rc8+ Rxc8 28. Bxc8 Nd5 29. Bb7 Nb6 30. Bc6 Ke7 31. g4 fxg4 32. hxg4 hxg4 33. Kg3 Bf6 34. Kxg4 Kf7 35. Kf3 Ke6 36. Be3 Nd5 37. Bd2 Ne7 38. Ba4 d5 39. Be3 Kd6 40. Bd2 Nf5 41. Be1 Ne7 42. Kg4 Nf5 43. Be8 Ne7 44. Bg3 Ke6 45. Bxg6 Nxg6 46. f5+ Kf7 47. fxg6+ Kxg6 48. Bf2 Be7 49. c4 dxc4 50. dxc4 Bd6 51. Bh4 Bc7 52. Bg3 Bxg3 53. Kxg3 Kf5 54. Kf3 Ke5 55. Ke3 a5 56. Kd3 a4 57. Kc3 Ke4 58. b4 axb3 59. Kxb3 Kd4 60. a3 Ke5 61. Ka4 0-1

[Event "30th NATO Chess-ch 2019"]
[Site "Berlin"]
[Date "2019.09.14"]
[Round "1.27"]
[White "Ivbulis, Martins"]
[Black "Cichy, Kamil"]
[Result "0-1"]
[ECO "A41"]
[WhiteElo "1795"]
[BlackElo "2106"]
[Annotator "NA"]
[PlyCount "88"]
[EventDate "2019.09.16"]
[EventType "swiss"]
[EventCountry "GER"]
[SourceTitle "playchess.com"]
[Source "ChessBase"]
[SourceQuality "1"]
[TimeControl "40/7200:1800"]

1. d4 d6 2. Bf4 c6 3. e3 Nf6 4. h3 Bf5 5. Bd3 Bxd3 6. Qxd3 Nbd7 7. Nf3 Qa5+ 8. Qc3 Qa6 9. Nbd2 Nd5 10. Qb3 g6 11. Bh2 Bg7 12. c4 N5b6 13. O-O O-O 14. Rac1 c5 15. d5 Na4 16. Rc2 Rab8 17. Qa3 Nxb2 18. Qxa6 bxa6 19. Nb3 Rb4 20. Na5 Nb8 21. Nd2 Ra4 22. Ndb3 Nd7 23. Rb1 Nd3 24. Nc6 Re8 25. Nba5 Nb6 26. Rb3 Nb4 27. Nxb4 Rxa5 28. Nc6 Ra4 29. Nxa7 Nxc4 30. Nc6 Na3 31. Re2 Nb5 32. Bf4 e6 33. dxe6 fxe6 34. Rc2 Kf7 35. Rd3 e5 36. Bg5 h6 37. Bd8 Ke6 38. Bb6 Rc8 39. Na7 Nxa7 40. Bxa7 c4 41. Rdc3 Rc7 42. Bb6 Rc6 43. Ba7 d5 44. Re2 Rb4 0-1

[Event "30th NATO Chess-ch 2019"]
[Site "Berlin"]
[Date "2019.09.14"]
[Round "1.28"]
[White "Onley, David E"]
[Black "Meiers, Gundars"]
[Result "1-0"]
[ECO "B82"]
[WhiteElo "2103"]
[BlackElo "1785"]
[Annotator "NA"]
[PlyCount "43"]
[EventDate "2019.09.16"]
[EventType "swiss"]
[EventCountry "GER"]
[SourceTitle "playchess.com"]
[Source "ChessBase"]
[SourceQuality "1"]
[TimeControl "40/7200:1800"]

1. e4 c5 2. Nf3 Nc6 3. d4 cxd4 4. Nxd4 e6 5. Nc3 d6 6. Be3 Nf6 7. f4 Be7 8. Qf3 O-O 9. O-O-O Nxd4 10. Rxd4 Qa5 11. g4 Bd7 12. g5 Nxe4 13. Nxe4 Qxa2 14. Bd3 Bc6 15. Rg1 f5 16. gxf6 Bxf6 17. Qh5 Bxd4 18. Bxd4 Rf5 19. Rxg7+ Kf8 20. Qxh7 Qa1+ 21. Kd2 Qa5+ 22. Bc3 1-0

[Event "30th NATO Chess-ch 2019"]
[Site "Berlin"]
[Date "2019.09.14"]
[Round "1.29"]
[White "Geroly, Jozsef"]
[Black "Tocco, Paolo"]
[Result "0-1"]
[ECO "E16"]
[WhiteElo "1766"]
[BlackElo "2089"]
[Annotator "NA"]
[PlyCount "63"]
[EventDate "2019.09.16"]
[EventType "swiss"]
[EventCountry "GER"]
[SourceTitle "playchess.com"]
[Source "ChessBase"]
[SourceQuality "1"]
[TimeControl "40/7200:1800"]

1. Nf3 b6 2. g3 Bb7 3. Bg2 e6 4. d4 Nf6 5. c4 Bb4+ 6. Bd2 Qe7 7. a3 Bxd2+ 8. Nbxd2 O-O 9. O-O d6 10. Qc2 c5 11. e4 Nc6 12. d5 Nd4 13. Nxd4 cxd4 14. Qd3 e5 15. b4 Rac8 16. Rac1 Ba6 17. Bh3 Rc7 18. Rc2 h5 19. f3 h4 20. g4 Bc8 21. Rfc1 Nh5 22. Bf1 Nf4 23. Qb3 Qg5 24. h3 d3 25. Rb2 f5 26. exf5 Bxf5 27. Ne4 Bxe4 28. fxe4 Nxh3+ 29. Bxh3 Qxc1+ 30. Bf1 Qg5 31. Qd1 {e4} Z0 {d2 ---} 32. Qd2 0-1

[Event "30th NATO Chess-ch 2019"]
[Site "Berlin"]
[Date "2019.09.14"]
[Round "1.30"]
[White "Mestek, Igor"]
[Black "Voroblievas, Arturas"]
[Result "1-0"]
[ECO "C47"]
[WhiteElo "2087"]
[BlackElo "1762"]
[Annotator "NA"]
[PlyCount "58"]
[EventDate "2019.09.16"]
[EventType "swiss"]
[EventCountry "GER"]
[SourceTitle "playchess.com"]
[Source "ChessBase"]
[SourceQuality "1"]
[TimeControl "40/7200:1800"]

1. e4 e5 2. Nc3 Nf6 3. Nf3 Nc6 4. d4 exd4 5. Nxd4 Bb4 6. Nxc6 bxc6 7. Bd3 O-O 8. O-O d6 9. Bd2 Bg4 10. f3 Bc5+ 11. Kh1 Be6 12. f4 Ng4 13. Qe1 Rb8 14. Qg3 Rxb2 15. f5 Nf2+ 16. Rxf2 Bxf2 17. Qxf2 Qf6 18. Qxa7 Bd7 19. Qxc7 Rfb8 20. Qxd7 Qxc3 21. Qd8+ Rxd8 22. Bxc3 Rb7 23. Kg1 d5 24. exd5 cxd5 25. a4 Ra8 26. a5 Rc7 27. Bd4 f6 28. a6 h6 29. Rb1 Raa7 1-0

[Event "30th NATO Chess-ch 2019"]
[Site "Berlin"]
[Date "2019.09.17"]
[Round "2.2"]
[White "Tocco, Paolo"]
[Black "Helbig, Mark"]
[Result "0-1"]
[ECO "A03"]
[WhiteElo "2089"]
[BlackElo "2332"]
[Annotator "NA"]
[PlyCount "42"]
[EventDate "2019.09.16"]
[EventType "swiss"]
[EventCountry "GER"]
[SourceTitle "playchess.com"]
[Source "ChessBase"]
[SourceQuality "1"]
[TimeControl "40/7200:1800"]

1. f4 d5 2. Nf3 g6 3. g3 Bg7 4. Bg2 c6 5. d3 Qb6 6. c3 {[%emt 1:55:49] A03: Bird's Opening with 1...d5} Nf6 7. e3 Nbd7 8. Qe2 O-O $146 ({Predecessor:} 8... Qa6 9. O-O Nc5 10. Rd1 Bf5 11. Bf1 O-O 12. Na3 Rad8 13. h3 b5 {1-0 (52) Granda Zuniga,J (2609)-Glienke,M (2301) Porto Mannu 2008}) 9. e4 dxe4 10. dxe4 e5 11. Na3 exf4 12. Nc4 Qa6 13. e5 Re8 14. gxf4 Nd5 15. Nd6 Qxe2+ 16. Kxe2 Re7 17. c4 Nc7 18. b3 f6 19. Ba3 $11 c5 20. Bh3 Ne6 21. Rad1 Nxf4+ {[%emt 0:37:58] fxe5} 0-1

[Event "30th NATO Chess-ch 2019"]
[Site "Berlin"]
[Date "2019.09.17"]
[Round "2.3"]
[White "Hof - Van Run, Rieke"]
[Black "Binder, Tamas"]
[Result "0-1"]
[ECO "B13"]
[WhiteElo "2076"]
[BlackElo "2261"]
[Annotator "NA"]
[PlyCount "83"]
[EventDate "2019.09.16"]
[EventType "swiss"]
[EventCountry "GER"]
[SourceTitle "playchess.com"]
[Source "ChessBase"]
[SourceQuality "1"]
[TimeControl "40/7200:1800"]

1. e4 c6 2. d4 d5 3. exd5 cxd5 4. Bd3 Nf6 5. c3 e6 6. Bf4 {[%emt 1:57:45] B13: Caro-Kann: Exchange Variation and Panov-Botvinnik Attack} Bd6 7. Bg5 (7. Bxd6 Qxd6 8. Qc2 O-O 9. Nf3 b6 10. O-O Ba6 11. Bxa6 Nxa6 12. Nbd2 Nb8 13. Rae1 b5 {½-½ (40) Shubin,K (2359)-Khadzhiev,V (2208) St Petersburg 2017}) 7... Qb6 $146 ({Predecessor:} 7... O-O 8. Nf3 Nbd7 9. Nbd2 b6 10. O-O Bb7 11. Re1 Qc7 {½-½ (26) Nyaruai,J (1673)-Rodriguez Arrieta,M (1943) Batumi 2018}) 8. Qc2 h6 9. Bh4 Bd7 10. Nd2 Bb5 ({Black should try} 10... Nc6 $15) 11. Bxb5+ Qxb5 12. Bg3 Bxg3 13. hxg3 Qa6 14. Ne2 Nbd7 15. Nf4 O-O 16. Nd3 Rac8 17. O-O Qd6 18. Rfe1 Qc7 19. Qd1 a5 20. a4 Qc6 21. Qb3 Rfd8 22. Re2 $11 Qa6 23. Re3 Ng4 24. Rf3 f5 25. Re1 Qc6 26. Nf1 b6 27. Nh2 Ngf6 28. Rfe3 Re8 29. Nf3 Nf8 30. Nfe5 Qd6 31. Qd1 g5 32. Qf3 Rc7 33. g4 f4 34. Nxf4 gxf4 35. Qxf4 Ne4 36. Rh3 Rh7 37. Ree3 Qe7 38. Rxh6 Rxh6 39. Qxh6 Qg5 40. c4 Rb8 41. Nc6 Nd2 42. Qg7+ 0-1

[Event "30th NATO Chess-ch 2019"]
[Site "Berlin"]
[Date "2019.09.17"]
[Round "2.4"]
[White "Sypien, Mateusz"]
[Black "Casteleijn, Diederick"]
[Result "1/2-1/2"]
[ECO "B30"]
[WhiteElo "2243"]
[BlackElo "2079"]
[Annotator "NA"]
[PlyCount "43"]
[EventDate "2019.09.16"]
[EventType "swiss"]
[EventCountry "GER"]
[SourceTitle "playchess.com"]
[Source "ChessBase"]
[SourceQuality "1"]
[TimeControl "40/7200:1800"]

1. e4 c5 2. Nf3 Nc6 3. Bb5 Nf6 4. Nc3 Qc7 5. O-O Nd4 6. Bc4 a6 7. a4 e6 8. h3 Be7 9. d3 Nc6 10. Re1 d6 $11 11. Bf4 Nd7 12. Bg3 O-O 13. Ne2 Rb8 14. c3 b5 15. axb5 axb5 16. Bb3 b4 17. d4 Na5 18. Bc2 Nc4 19. Qc1 Na5 20. Qd1 Nc4 21. Qc1 Na5 22. Qd1 1/2-1/2

[Event "30th NATO Chess-ch 2019"]
[Site "Berlin"]
[Date "2019.09.17"]
[Round "2.5"]
[White "Lakos, Nikoletta"]
[Black "Kraft, Chip"]
[Result "1/2-1/2"]
[ECO "B36"]
[WhiteElo "2226"]
[BlackElo "2050"]
[Annotator "NA"]
[PlyCount "84"]
[EventDate "2019.09.16"]
[EventType "swiss"]
[EventCountry "GER"]
[SourceTitle "playchess.com"]
[Source "ChessBase"]
[SourceQuality "1"]
[TimeControl "40/7200:1800"]

1. e4 c5 2. Nf3 g6 3. c4 Nc6 4. d4 cxd4 5. Nxd4 Nf6 6. Nc3 d6 7. f3 Nxd4 8. Qxd4 Bg7 9. Bg5 O-O 10. Qd2 Be6 11. Rc1 Qa5 12. b3 Rfc8 13. Be2 a6 $14 14. Nd5 Qxd2+ 15. Kxd2 Bxd5 16. cxd5 h6 17. Be3 e6 18. dxe6 fxe6 19. Bd3 Kf7 20. Rxc8 Rxc8 21. Rc1 Rxc1 22. Kxc1 g5 23. Kd2 d5 24. Bf2 Ke7 25. Bb1 Kd7 26. Kd3 dxe4+ 27. fxe4 Ng4 28. Bg1 Be5 29. h3 Nf6 30. Kc4 Nh5 31. Bd3 Nf4 32. Bf1 Kc6 33. a4 Bc7 34. b4 Kd6 35. Bh2 Bb6 36. Bxf4+ gxf4 37. Be2 Ke5 38. Bf3 Be3 39. b5 axb5+ 40. axb5 b6 41. Kd3 Bf2 42. Kc4 Kd6 1/2-1/2

[Event "30th NATO Chess-ch 2019"]
[Site "Berlin"]
[Date "2019.09.17"]
[Round "2.6"]
[White "Oltean, Gusztav"]
[Black "Wantiez, Fabrice"]
[Result "1-0"]
[ECO "A48"]
[WhiteElo "2053"]
[BlackElo "2225"]
[Annotator "NA"]
[PlyCount "81"]
[EventDate "2019.09.16"]
[EventType "swiss"]
[EventCountry "GER"]
[SourceTitle "playchess.com"]
[Source "ChessBase"]
[SourceQuality "1"]
[TimeControl "40/7200:1800"]

1. d4 Nf6 2. Nf3 g6 3. Nbd2 Bg7 4. e3 O-O 5. b3 d6 6. Bb2 e5 {[%emt 1:54:09] A48: 1 d4 Nf6 2 Nf3 g6: Torre, London and Colle Systems} (6... Nbd7 7. Be2 c5 8. O-O b6 9. c4 e6 10. dxc5 bxc5 11. Qc2 Bb7 12. Rfd1 h6 13. Bd3 Re8 14. Rab1 Qc7 15. Ne4 Rad8 16. h3 {0-1 (122) Camacho Collados,M (2451)-Spraggett,K (2561) Lisbon 2014}) 7. dxe5 Ng4 8. h3 $146 ({Predecessor:} 8. Nc4 d5 9. h3 dxc4 10. Qxd8 Rxd8 11. hxg4 cxb3 12. axb3 Bxg4 13. Ra4 Bf5 14. e4 {½-½ (35) Bukal,V (2420)-Smolovic,M (2298) Belgrade 2016}) 8... Nxe5 9. Nxe5 dxe5 10. g3 Nc6 11. Bg2 Bf5 12. O-O Qd7 13. Kh2 Rfd8 14. Ne4 Bxe4 15. Bxe4 f5 16. Qxd7 Rxd7 17. Bxc6 bxc6 18. Rfd1 Rad8 19. Rxd7 Rxd7 20. Kg2 Rd2 21. Rc1 e4 22. Bxg7 Kxg7 23. Kf1 Kf6 24. Ke1 Rd5 25. c4 Rd6 26. Rd1 Ke5 27. Rxd6 cxd6 28. Kd2 a5 29. Kc3 c5 $11 30. Kb2 d5 31. cxd5 Kxd5 32. Kc3 g5 33. h4 h6 34. h5 Kc6 35. Kc4 Kb6 36. g4 fxg4 37. Kd5 Kb5 38. Kxe4 c4 39. bxc4+ Kxc4 40. Kf5 a4 41. e4 1-0

[Event "30th NATO Chess-ch 2019"]
[Site "Berlin"]
[Date "2019.09.17"]
[Round "2.7"]
[White "Papasimakopoulos, Alexandros"]
[Black "Oblak, Nicholas"]
[Result "1-0"]
[ECO "D30"]
[WhiteElo "2218"]
[BlackElo "2048"]
[Annotator "NA"]
[PlyCount "69"]
[EventDate "2019.09.16"]
[EventType "swiss"]
[EventCountry "GER"]
[SourceTitle "playchess.com"]
[Source "ChessBase"]
[SourceQuality "1"]
[TimeControl "40/7200:1800"]

1. d4 d5 2. c4 e6 3. Nc3 c5 4. cxd5 exd5 5. Nf3 Nf6 6. g3 Nc6 7. Bg2 Be7 8. O-O O-O 9. dxc5 Bxc5 10. a3 h6 11. b4 Bb6 12. Bb2 Be6 13. Na4 Ne4 14. Nxb6 Qxb6 15. Nd4 Rad8 16. Rc1 a5 $16 17. b5 Nxd4 18. Qxd4 Qxd4 19. Bxd4 Rc8 20. a4 Nd2 21. Rfd1 Rxc1 22. Rxc1 Nb3 23. Rd1 Rc8 24. Be3 Rc4 25. Bxd5 Bxd5 26. Rxd5 Rxa4 27. Rd8+ Kh7 28. Rd7 Kg6 29. Rxb7 Nd4 30. b6 Nxe2+ 31. Kf1 Nc3 32. Rd7 Rb4 33. b7 Ne4 34. Ba7 Nf6 35. Rc7 1-0

[Event "30th NATO Chess-ch 2019"]
[Site "Berlin"]
[Date "2019.09.17"]
[Round "2.8"]
[White "Marquardt, Christian"]
[Black "Pietruszewski, Marcin"]
[Result "1/2-1/2"]
[ECO "A32"]
[WhiteElo "2049"]
[BlackElo "2215"]
[Annotator "NA"]
[PlyCount "46"]
[EventDate "2019.09.16"]
[EventType "swiss"]
[EventCountry "GER"]
[SourceTitle "playchess.com"]
[Source "ChessBase"]
[SourceQuality "1"]
[TimeControl "40/7200:1800"]

1. d4 Nf6 2. c4 e6 3. Nf3 c5 4. g3 cxd4 5. Nxd4 Bb4+ 6. Bd2 Be7 7. Bg2 {[%emt 1:29:33] A32: Symmetrical English: 2 Nf3 Nf6 3 d4 cxd4 4 Nxd4 e6} O-O (7... Nc6 8. Nf3 O-O 9. O-O b6 10. Nc3 Bb7 11. Bf4 Rc8 12. Rc1 d6 13. Nb5 Ne8 14. Nfd4 a6 15. Bxc6 Bxc6 {1-0 (39) Paravyan,D (2634)-Abdusattorov,N (2546) St Petersburg 2018}) 8. O-O a6 9. Nc3 d6 10. e4 $146 ({Predecessor:} 10. h3 Qc7 11. Rc1 Nbd7 12. Be3 Re8 13. Qd2 {1-0 (40) Diermair,A (2312)-Scheffknecht,P (2118) Vienna 2010}) 10... Bd7 11. Qe2 Nc6 12. Be3 Rc8 13. Nxc6 Bxc6 14. Rac1 Qa5 15. Bd2 Qb6 16. Be3 Qa5 17. Bd2 Qb6 18. Be3 Qb4 19. Rc2 Rc7 $14 20. Bd2 Qb6 21. Be3 Qb4 22. Bd2 Qb6 23. Be3 Qb4 1/2-1/2

[Event "30th NATO Chess-ch 2019"]
[Site "Berlin"]
[Date "2019.09.17"]
[Round "2.9"]
[White "Fichtner, Ewald"]
[Black "Valeinis, Janis"]
[Result "1-0"]
[ECO "D00"]
[WhiteElo "2046"]
[BlackElo "2206"]
[Annotator "NA"]
[PlyCount "103"]
[EventDate "2019.09.16"]
[EventType "swiss"]
[EventCountry "GER"]
[SourceTitle "playchess.com"]
[Source "ChessBase"]
[SourceQuality "1"]
[TimeControl "40/7200:1800"]

1. d4 d5 2. Bf4 Nf6 3. e3 c5 4. c3 Nc6 5. Nd2 Qb6 6. Qb3 {[%emt 1:59:21] D00: 1 d4 d5: Unusual lines} c4 (6... Nh5 7. Qxb6 axb6 8. Bc7 cxd4 9. exd4 e5 10. Bxe5 Nxe5 11. dxe5 Bc5 12. g3 O-O {1-0 (76) Aronian,L (2765)-Caruana,F (2832) London 2018}) 7. Qc2 Bg4 8. b3 cxb3 9. axb3 e6 10. Ngf3 Rc8 11. Qb2 Be7 12. h3 $146 ({Predecessor:} 12. Bd3 Bh5 {1-0 (48) Maksimovic,B (2369)-Ioannidis,E (2049) Plovdiv 2014}) 12... Bxf3 13. gxf3 Nh5 14. Bh2 g6 15. Be2 a6 16. O-O O-O 17. Rfb1 Qd8 18. c4 Bd6 19. f4 Qh4 20. Kg2 Nf6 21. Bg3 Qh6 22. c5 Bb8 23. b4 Ne7 24. b5 axb5 25. Qxb5 Nf5 26. Bg4 Rc7 $18 (26... Nxg3 $14 27. fxg3 g5) 27. Qe2 Nxg3 28. fxg3 Nd7 29. Rb2 f5 30. Bf3 g5 31. Rab1 b6 32. cxb6 Rcc8 33. Qb5 Nf6 34. Be2 Kh8 35. Rh1 gxf4 36. exf4 Rc3 37. Rb3 Rc2 38. Qd3 Rc6 39. Qe3 Rg8 40. Kf2 Rc2 41. Bf3 Bd6 42. h4 e5 43. fxe5 Rxd2+ 44. Ke1 Qxe3+ 45. Rxe3 Bb4 46. exf6 Ra8 47. Re2 Ra1+ 48. Kf2 Rxe2+ 49. Kxe2 Ra6 50. b7 Ra2+ 51. Ke3 Bd6 52. Rc1 1-0

[Event "30th NATO Chess-ch 2019"]
[Site "Berlin"]
[Date "2019.09.17"]
[Round "2.10"]
[White "Andersen, Hans-Christoph"]
[Black "Kende, Gyorgy"]
[Result "0-1"]
[ECO "A59"]
[WhiteElo "2201"]
[BlackElo "2036"]
[Annotator "NA"]
[PlyCount "56"]
[EventDate "2019.09.16"]
[EventType "swiss"]
[EventCountry "GER"]
[SourceTitle "playchess.com"]
[Source "ChessBase"]
[SourceQuality "1"]
[TimeControl "40/7200:1800"]

1. d4 Nf6 2. c4 c5 3. d5 b5 4. cxb5 a6 5. bxa6 Bxa6 6. Nc3 d6 7. e4 Bxf1 8. Kxf1 g6 9. g3 Bg7 10. Kg2 O-O 11. Nf3 Nbd7 12. a4 Qb6 13. Qe2 Rfe8 14. Bf4 e6 15. dxe6 Rxe6 16. Ng5 Re7 $16 17. Qc2 h6 18. Nf3 g5 19. Be3 Qc6 20. Nd2 d5 21. exd5 Nxd5 22. Nxd5 Qxd5+ 23. Kg1 Rae8 24. Nc4 Bd4 25. h3 Ne5 26. Nxe5 Rxe5 27. Bxd4 Re1+ 28. Kh2 Qxh1# {[%emt 0:16:28] --- Rf1#} 0-1

[Event "30th NATO Chess-ch 2019"]
[Site "Berlin"]
[Date "2019.09.17"]
[Round "2.11"]
[White "Aagaard, Gert"]
[Black "Werksma, Arie"]
[Result "1/2-1/2"]
[ECO "D02"]
[WhiteElo "2029"]
[BlackElo "2197"]
[Annotator "NA"]
[PlyCount "77"]
[EventDate "2019.09.16"]
[EventType "swiss"]
[EventCountry "GER"]
[SourceTitle "playchess.com"]
[Source "ChessBase"]
[SourceQuality "1"]
[TimeControl "40/7200:1800"]

1. d4 Nf6 2. Nf3 e6 3. Bf4 b6 4. e3 Bb7 5. Bd3 Be7 6. h3 O-O 7. O-O c5 8. Nbd2 d5 9. Ne5 Nc6 10. c3 Nxe5 11. Bxe5 Bd6 12. f4 Ne4 13. Qc2 f5 14. Nf3 Rc8 15. Kh2 Rc7 16. Rg1 Bc6 17. Qe2 $11 Be8 18. Bxe4 fxe4 19. Bxd6 Qxd6 20. Ne5 cxd4 21. cxd4 Bd7 22. Qd2 Rfc8 23. Rac1 Be8 24. g4 Ba4 25. Rxc7 Qxc7 26. Kg3 a5 27. Rg2 Be8 28. h4 Qc1 29. Qxc1 Rxc1 30. f5 Kf8 31. Rf2 Ke7 32. Kf4 b5 33. a3 Kd6 34. Kg3 Ke7 35. fxe6 b4 36. axb4 axb4 37. h5 b3 38. Kf4 Kxe6 39. Kg3 1/2-1/2

[Event "30th NATO Chess-ch 2019"]
[Site "Berlin"]
[Date "2019.09.17"]
[Round "2.12"]
[White "Wang, Eigen"]
[Black "Michalski, Daniel"]
[Result "1-0"]
[ECO "C41"]
[WhiteElo "2193"]
[BlackElo "2024"]
[Annotator "NA"]
[PlyCount "69"]
[EventDate "2019.09.16"]
[EventType "swiss"]
[EventCountry "GER"]
[SourceTitle "playchess.com"]
[Source "ChessBase"]
[SourceQuality "1"]
[TimeControl "40/7200:1800"]

1. e4 d6 2. d4 Nf6 3. Nc3 e5 4. Nf3 Nbd7 5. Bc4 Be7 6. O-O O-O 7. Re1 a6 8. a4 b6 9. b3 c6 10. Bb2 Bb7 11. Bd3 Qc7 12. Ne2 $11 Rfe8 13. Ng3 Bf8 14. Qd2 g6 15. Rad1 b5 16. Ra1 Bg7 17. c4 bxc4 18. Bxc4 exd4 19. Nxd4 d5 20. Bd3 c5 21. Ndf5 d4 22. Nxg7 Kxg7 23. Bc1 Kh8 24. Qg5 Nd5 25. Bc4 f6 26. Qh4 Re7 27. Bd2 Nb4 28. Rac1 Qb6 29. a5 Qxa5 30. e5 Rxe5 31. Rxe5 fxe5 32. Be6 Qd8 33. Bg5 Qe8 34. Bf6+ Nxf6 35. Qxf6# {[%emt 0:01:09] --- Bc8+ --- Qe7 Bxc8 --- Qd8 --- e4 Qc6} 1-0

[Event "30th NATO Chess-ch 2019"]
[Site "Berlin"]
[Date "2019.09.17"]
[Round "2.13"]
[White "Cheung, Jan"]
[Black "Everett, Elijah"]
[Result "1/2-1/2"]
[ECO "A45"]
[WhiteElo "2015"]
[BlackElo "2187"]
[Annotator "NA"]
[PlyCount "102"]
[EventDate "2019.09.16"]
[EventType "swiss"]
[EventCountry "GER"]
[SourceTitle "playchess.com"]
[Source "ChessBase"]
[SourceQuality "1"]
[TimeControl "40/7200:1800"]

1. d4 Nf6 2. Bg5 Ne4 3. Bf4 c5 4. f3 Qa5+ 5. c3 Nf6 6. d5 Qb6 7. Bc1 e6 8. e4 exd5 9. exd5 Bd6 10. c4 O-O 11. Bd3 Be5 12. Qc2 Re8 $15 13. Ne2 Na6 14. a3 Qd6 15. Kf2 Bxh2 16. g3 Rxe2+ 17. Qxe2 Bxg3+ 18. Kg2 Nc7 19. Bg5 Be5 20. Nc3 h6 21. Bd2 b5 22. Rae1 Bxc3 23. Bxc3 bxc4 24. Bxc4 Ncxd5 25. Bxd5 Nxd5 26. Qe8+ Kh7 27. Qxf7 Qg6+ 28. Qxg6+ Kxg6 29. Re8 Kf7 30. Rhe1 Nf4+ 31. Kg3 Ne6 32. Rh8 Bb7 33. Rxa8 Bxa8 34. b4 c4 35. f4 d5 36. Rd1 a6 37. a4 g5 38. fxg5 Nxg5 39. Kf4 Ne4 40. Bd4 Bc6 41. Ke5 Kg6 42. b5 axb5 43. axb5 Bxb5 44. Kxd5 Ng5 45. Rb1 Bd7 46. Kxc4 Kf5 47. Rh1 Kg6 48. Be3 Bc6 49. Rg1 Kf5 50. Bxg5 hxg5 51. Rxg5+ Kxg5 1/2-1/2

[Event "30th NATO Chess-ch 2019"]
[Site "Berlin"]
[Date "2019.09.17"]
[Round "2.14"]
[White "Mouroutis, Konstantinos"]
[Black "Nilsson, Erik"]
[Result "1-0"]
[ECO "D00"]
[WhiteElo "2181"]
[BlackElo "2022"]
[Annotator "ChessBase"]
[PlyCount "67"]
[EventDate "2019.09.16"]
[EventType "swiss"]
[EventCountry "GER"]
[SourceTitle "playchess.com"]
[Source "ChessBase"]
[SourceQuality "1"]
[TimeControl "40/7200:1800"]

1. d4 d5 2. Bg5 f6 3. Bh4 Nh6 4. f3 c5 5. dxc5 e5 6. e4 Be6 7. exd5 Qxd5 8. Qxd5 Bxd5 9. Nc3 Be6 10. Bf2 a6 11. O-O-O Nd7 12. Ne4 Rc8 13. Rd6 Ke7 14. Rd1 Nf7 15. b4 Bxa2 16. c4 Bb3 17. Rd3 Ba4 18. Nc3 Bc6 19. b5 axb5 20. cxb5 e4 21. Rd2 Bxb5 22. Bxb5 Nxc5 23. Kb2 Nd6 24. Bxc5 Rxc5 25. Rxd6 Kxd6 26. Nxe4+ Kd5 27. Nxc5 Bxc5 28. Ne2 Be3 29. Bd3 g6 30. Rd1 Kc5 31. Be4 b5 32. Rd3 Bf2 33. Kb3 f5 34. Rd6 1-0